 Dungeon Crawl Stone Soup version 0.30.1-9-gdf580d7c3d (webtiles) character file.

Game seed: 11406650312052158257

2 KittyFluff the Trooper (level 1, 0/14 HPs)
             Began as a Gargoyle Berserker on Oct 7, 2023.
             Was a Follower of Trog.
             Slain by a frilled lizard (2 damage)
             ... on level 1 of the Dungeon.
             The game lasted 00:01:07 (316 turns).

KittyFluff the Trooper (Gargoyle Berserker)          Turns: 316, Time: 00:01:08

Health: 0/14       AC:  4    Str: 20    XL:     1   Next: 30%
Magic:  1/1        EV:  8    Int:  7    God:    Trog [*.....]
Gold:   53         SH:  0    Dex:  9    Spells: 0/0 levels left

rFire   . . .        a - +0 mace
rCold   . . .        (no shield)
rNeg    + . .        b - +0 animal skin
rPois   ∞            (no helmet)
rElec   +            (no cloak)
rCorr   .            (no gloves)
SInv    .            (no boots)
Will    .....        (no amulet)
Stlth   +            (no ring)
HPRegen 0.22/turn    (no ring)
MPRegen 0.07/turn

%: no passive effects
@: constricted
A: sickness immunity, AC +2, negative energy resistance 1, electricity
resistance, torment resistance 1, petrification resistance
a: Renounce Religion, Berserk


You were on level 1 of the Dungeon.
You worshipped Trog.
Trog was aware of your devotion.
You visited 1 branch of the dungeon, and saw 1 of its levels.

You collected 53 gold pieces.

Inventory:

Hand Weapons
 a - a +0 mace (weapon)
Missiles
 c - 5 javelins (quivered)
Armour
 b - a +0 animal skin (worn)
Scrolls
 d - 2 scrolls of fog {unknown}
 e - a scroll of amnesia {unknown}
 f - a scroll of poison {unknown}
Potions
 g - a potion of might {unknown}


   Skills:
 + Level 3.3 Fighting
 * Level 3.0 Maces & Flails
 * Level 2.2 Armour
 + Level 1.5 Dodging


You couldn't memorise any spells.
You didn't know any spells.
Your spell library was empty.

Dungeon Overview and Level Annotations

Branches:
Dungeon (1/15)

Altars:


Innate Abilities, Weirdness & Mutations

You are immune to sickness and miasma.
Your stone body is resilient. (AC +2)
You are immune to poison.
You resist negative energy. (rN+)
You are resistant to electric shocks. (rElec)
You are resistant to unholy torment.
You are immune to petrification.


Message History

The hobgoblin is heavily wounded.
The hobgoblin misses you.
You thump the hobgoblin!
You kill the hobgoblin!
Trog accepts your kill.
You start resting.
HP restored.
You see here a hobgoblin corpse.
d - 2 scrolls labelled GIEBRAUSUN (gained 1)
You see here a hobgoblin corpse.
Found a scroll labelled CAINOMO WAEBB.
f - a scroll labelled CAINOMO WAEBB
Found a pink potion.
g - a pink potion A frilled lizard and a ball python come into view.
The ball python hisses angrily.
The frilled lizard hisses angrily.
The ball python bites you. The ball python misses you.
You closely miss the ball python.
The ball python bites you but does no damage.
The ball python grabs you. The ball python constricts you.
The ball python bites you but does no damage.
The ball python constricts you.
You barely miss the ball python.
The ball python bites you but does no damage.
The ball python constricts you.
You completely miss the ball python. The ball python barely misses you.
The ball python constricts you.
The frilled lizard bites you but does no damage.
The ball python bites you. The ball python constricts you.
You closely miss the ball python. The frilled lizard bites you.
The ball python bites you.
* * * LOW HITPOINT WARNING * * *
The ball python constricts you.
* * * LOW HITPOINT WARNING * * *
The frilled lizard misses you.
You closely miss the ball python. The ball python bites you.
* * * LOW HITPOINT WARNING * * *
The ball python constricts you. The frilled lizard bites you.
You die...

###### ###.l..##
##############..@S...###
...............###.....#
..###########..# ##..#.#
..####### ##.# #....#
........# #..# .....#
......... .......##..#
..###.... #.....#. #.#
..# ... #.##..## .# ..#
.. #.###.. .


You could see a ball python and a frilled lizard.

Vanquished Creatures
  A hobgoblin (D:1)
  A bat (D:1)
2 creatures vanquished.

Notes
Turn   | Place    | Note
-------+----------+-------------------------------------------
     0 | D:1      | KittyFluff the Gargoyle Berserker began the quest for the
                  | Orb.
     0 | D:1      | Reached XP level 1. HP: 14/14 MP: 1/1
    94 | D:1      | Found a faded altar of an unknown god.
   316 | D:1      | Slain by a frilled lizard

Illustrated notes

Levels and vault maps discovered:
D:1:      dpeg_arrival_concentric_ovals, layout_basic,
          hellmonk_ecumenical_altar_lost_god, serial_shops,
          nicolae_shop_hallway_stairs, minmay_bisected

Action                     || total
---------------------------++-------
  Melee: Mace              ||    15
         Punch             ||     1
 Armour: Animal skin       ||     7
  Dodge: Dodged            ||     7
